 Dungeon Crawl Stone Soup version 0.29-a0-337-g68df138881 (webtiles) character file.

Game seed: 1711888014985416255

2819 Jortsu the Blocker (level 9, -1/66 HPs)
             Began as a Gnoll Fighter on Apr 16, 2022.
             Was a Plaything of Xom.
             Slain by a gnoll
             ... wielding a +0 spear
              (2 damage)
             ... on level 7 of the Dungeon.
             The game lasted 00:12:23 (7770 turns).

Jortsu the Blocker (Gnoll Fighter)                  Turns: 7770, Time: 00:12:24

Health: -1/66      AC: 12    Str: 20    XL:     9   Next: 72%
Magic:  15/15      EV: 10    Int:  7    God:    Xom [......]
Gold:   1056       SH: 12    Dex: 15    Spells: 17/17 levels left

rFire   + . .      SeeInvis .   d - +4 war axe
rCold   + . .      Faith    .   s - +1 kite shield {rC+ rF+}
rNeg    . . .      Spirit   .   b - +0 scale mail
rPois   .          Reflect  .   j - +1 helmet
rElec   .          Harm     .   (no cloak)
rCorr   .          Rampage  .   e - +1 pair of gloves {Dex+3}
Will    .....                   (no boots)
Stlth   +.........              (no amulet)
HPRegen 0.21/turn               (no ring)
MPRegen 0.14/turn               (no ring)

@: no status effects
A: fangs 1, strong nose, distributed training, frail 1, screaming 1
a: Renounce Religion


You were on level 7 of the Dungeon.
You worshipped Xom.
You were a very special plaything of Xom.
You visited 1 branch of the dungeon, and saw 7 of its levels.
You also visited: Ossuary.

You collected 1056 gold pieces.

Inventory:

Hand Weapons
 a - a +0 war axe
 d - a +4 war axe (weapon)
Missiles
 w - 2 throwing nets (quivered)
Armour
 b - a +0 scale mail (worn)
 c - a +0 buckler
 e - a +1 pair of gloves of dexterity (worn)
 j - a +1 helmet (worn)
 s - a +1 kite shield of resistance (worn)
Jewellery
 g - a ring of magical power
 D - a ring of fire
Wands
 u - a wand of acid (5)
 z - a wand of flame (17)
Scrolls
 f - a scroll of noise
 l - 2 scrolls of blinking
 r - 5 scrolls of teleportation
 t - 2 scrolls of amnesia
 y - a scroll of enchant weapon
 C - 2 scrolls of fear
 F - 2 scrolls of magic mapping
Potions
 h - a potion of brilliance
 i - 4 potions of heal wounds
 k - a potion of mutation
 m - a potion of berserk rage
 n - 2 potions of flight {unknown}
 o - a potion of attraction {unknown}
 p - 3 potions of curing {unknown}
 q - 2 potions of haste {unknown}
 v - a potion of ambrosia {unknown}
 x - a potion of lignification {unknown}
 A - 2 potions of magic {unknown}
 B - a potion of resistance {unknown}
 E - a potion of degeneration {unknown}


   Skills:
 + Level 8.0 Fighting
 + Level 4.5 Short Blades
 + Level 4.5 Long Blades
 + Level 6.5 Axes
 + Level 4.5 Maces & Flails
 + Level 4.5 Polearms
 + Level 4.5 Staves
 + Level 4.5 Slings
 + Level 4.5 Bows
 + Level 4.5 Crossbows
 + Level 4.5 Throwing
 + Level 8.0 Armour
 + Level 4.5 Dodging
 + Level 4.5 Stealth
 + Level 8.0 Shields
 + Level 4.5 Unarmed Combat
 + Level 4.5 Spellcasting
 + Level 3.7 Conjurations
 + Level 3.7 Hexes
 + Level 3.7 Summonings
 + Level 3.7 Necromancy
 + Level 3.7 Translocations
 + Level 3.7 Transmutations
 + Level 3.7 Fire Magic
 + Level 3.7 Ice Magic
 + Level 3.7 Air Magic
 + Level 3.7 Earth Magic
 + Level 3.7 Poison Magic
 + Level 5.0 Invocations
 + Level 4.5 Evocations


You had 17 spell levels left.
You didn't know any spells.
Your spell library contained the following spells:

 Spells                   Type           Power      Damage    Failure   Level
 Slow                     Hex            24%        N/A       36%         1
 Call Canine Familiar     Summ           6%         N/A       75%         3
 Confusing Touch          Hex            6%         N/A       75%         3
 Portal Projectile        Hex/Tloc       12%        N/A       75%         3
 Vampiric Draining        Necr           6%         2d6       75%         3
 Animate Dead             Necr           3%         N/A       98%         4
 Leda's Liquefaction      Hex/Erth       3%         N/A       98%         4
 Haunt                    Necr/Summ      3%         N/A       100%        7
 Infestation              Necr           3%         N/A       100%        8


Dungeon Overview and Level Annotations

Branches:
Dungeon (7/15)             Temple (0/1) D:4         Ossuary (visited)

Altars:
Ashenzari
Fedhas
Kikubaaqudgha
Qazlal
Xom


Innate Abilities, Weirdness & Mutations

You have very sharp teeth.
Your uncanny sense of smell can sniff out nearby items.
Your experience applies equally to all skills.
You are frail. (-10% HP)
You occasionally shout uncontrollably at your foes.


Message History

The gnoll is almost dead.
You hit the gnoll.
You kill the gnoll!
You feel very sick. The gnoll hits you but does no damage.
You are more poisoned.
The gnoll closely misses you. The gnoll barely misses you.
You block the gnoll's attack.
You slash the gnoll!
You kill the gnoll!
You completely miss the gnoll.
* * * LOW HITPOINT WARNING * * *
You feel very sick. You block the gnoll's attack.
The gnoll hits you but does no damage.
You feel very sick. You block the gnoll's attack.
You see here a +1 spear of venom.
You feel very sick.
You feel sick.
You feel sick.
You feel sick.
You slash the gnoll!
The gnoll is severely wounded.
You feel sick. You block the gnoll's attack.
You feel sick. The gnoll barely misses you. You block the gnoll's attack.
You hit the gnoll.
The gnoll is moderately wounded.
You hit the gnoll.
You feel sick. The gnoll hits you with a +0 club.
* * * LOW HITPOINT WARNING * * *
Xom thinks this is hilarious!
You block the gnoll's attack.
The gnoll hits you but does no damage. x2
You hit the gnoll.
The gnoll is severely wounded.
You hit the gnoll.
* * * LOW HITPOINT WARNING * * *
You feel sick.
You are no longer poisoned.
You block the gnoll's attack. The gnoll hits you with a +0 spear.
You die... "This toy is broken."

#....#.§. #.........#...##
#....#.§..#.........+...##
#....#.D§.#.........#....#
.....#...##..########...##
.....#...##..########...##
#....##..÷...+...........#
#....##......#...........#
.....#.......#.g.........#
.....#.......#..@g.).)...#
.....#...#######.#####..##
.....#...## #.# #..#
#....#....# ..........#
#....##..## #..........#
.....##..# ###+#..#..##
.........# #######
...............
.....##..#.....


You could see 2 gnolls.

Vanquished Creatures
  An unseen horror (D:5)
  Grinder (D:3)
  Eustachio (D:4)
  A wyvern (D:7)
  A steam dragon (D:7)
  An orc warrior (D:6)
  An ice beast (D:6)
  2 sky beasts (D:6)
  A black bear (D:6)
  An ogre (D:5)
  2 phantoms
  4 scorpions
  A necrophage (D:7)
  3 wights (D:6)
  5 centaur zombies (Ossuary)
  2 jellies
  4 orc priests
  Terence (D:3)
  2 iguanas
  2 orc wizards
  6 mummies (Ossuary)
  Robin (D:3)
  3 gnolls
  6 adders
  A shadow imp (D:5)
  A white imp (D:7)
  An ufetubus (D:5)
  5 worms
  3 dart slugs
  10 orcs
  7 ball pythons
  6 endoplasms
  8 giant cockroaches
  14 goblins
  10 hobgoblins
  11 jackals
  7 kobolds
  5 quokkas
  4 bats
  5 frilled lizards (D:1)
  4 hobgoblin zombies (Ossuary)
  A rat (D:1)
156 creatures vanquished.

Vanquished Creatures (others)
  A bullfrog (D:7)
  5 plants (D:2)
  9 withered plants (D:2)
15 creatures vanquished.

Grand Total: 171 creatures vanquished

Notes
Turn   | Place    | Note
-------+----------+-------------------------------------------
     0 | D:1      | Jortsu the Gnoll Fighter began the quest for the Orb.
     0 | D:1      | Reached XP level 1. HP: 23/23 MP: 1/1
   216 | D:1      | Reached XP level 2. HP: 27/29 MP: 2/2
   598 | D:1      | Reached XP level 3. HP: 35/35 MP: 3/3
  1004 | D:1      | Reached skill level 1 in Invocations
  1238 | D:2      | Reached skill level 1 in Short Blades
  1238 | D:2      | Reached skill level 1 in Long Blades
  1238 | D:2      | Reached skill level 1 in Maces & Flails
  1238 | D:2      | Reached skill level 1 in Polearms
  1238 | D:2      | Reached skill level 1 in Staves
  1238 | D:2      | Reached skill level 1 in Slings
  1238 | D:2      | Reached skill level 1 in Bows
  1238 | D:2      | Reached skill level 1 in Crossbows
  1238 | D:2      | Reached skill level 1 in Throwing
  1238 | D:2      | Reached skill level 1 in Dodging
  1238 | D:2      | Reached skill level 1 in Stealth
  1238 | D:2      | Reached skill level 1 in Unarmed Combat
  1238 | D:2      | Reached skill level 1 in Spellcasting
  1238 | D:2      | Reached skill level 1 in Evocations
  1313 | D:2      | Reached XP level 4. HP: 41/41 MP: 5/5
  1642 | D:2      | Found a faded altar of an unknown god.
  1669 | D:2      | Prayed at the altar of an unknown god.
  1669 | D:2      | Became a worshipper of Xom of Chaos
  1844 | D:2      | XOM: silly message
  1888 | D:3      | Noticed Terence
  1899 | D:3      | Killed Terence
  1900 | D:3      | Reached skill level 1 in Conjurations
  1900 | D:3      | Reached skill level 1 in Hexes
  1900 | D:3      | Reached skill level 1 in Summonings
  1900 | D:3      | Reached skill level 1 in Necromancy
  1900 | D:3      | Reached skill level 1 in Translocations
  1900 | D:3      | Reached skill level 1 in Transmutations
  1900 | D:3      | Reached skill level 1 in Fire Magic
  1900 | D:3      | Reached skill level 1 in Ice Magic
  1900 | D:3      | Reached skill level 1 in Air Magic
  1900 | D:3      | Reached skill level 1 in Earth Magic
  1900 | D:3      | Reached skill level 1 in Poison Magic
  2037 | D:3      | Reached XP level 5. HP: 46/47 MP: 6/6
  2041 | D:3      | XOM: silly message
  2095 | D:3      | You fall into a shaft and drop 3 floors!
  2096 | D:6      | XOM: potion effect (invisibility)
  2112 | D:6      | Reached XP level 6. HP: 30/53 MP: 8/8
  2123 | D:6      | XOM: divination: magic mapping
  2212 | D:6      | Reached skill level 5 in Axes
  2277 | D:6      | Noticed an ice beast
  2279 | D:6      | XOM: potion effect (berserk rage)
  2283 | D:6      | Killed an ice beast
  2344 | D:6      | XOM: give mutations
  2344 | D:6      | Gained mutation: Your movements are slightly less
                  | encumbered by armour. (ER -2) [Xom's grace]
  2344 | D:6      | Gained mutation: You have a somewhat thin skeletal
                  | structure. (Dex +2, Stealth+) [Xom's grace]
  2344 | D:6      | Gained mutation: You have sharp toenails. [Xom's grace]
  2344 | D:6      | Gained mutation: You are partially covered in iridescent
                  | scales. (AC +2) [Xom's grace]
  2420 | D:6      | Noticed a black bear
  2429 | D:6      | Killed a black bear
  2430 | D:6      | Reached XP level 7. HP: 44/60 MP: 10/10
  2497 | D:6      | XOM: scenery: create altars
  2917 | D:5      | Entered Level 5 of the Dungeon
  2951 | D:5      | XOM: give mutations
  2951 | D:5      | Gained mutation: You are weak. (Str -2) [Xom's mischief]
  2951 | D:5      | Lost mutation: Your movements are slightly less encumbered
                  | by armour. (ER -2) [Xom's mischief]
  2951 | D:5      | Lost mutation: You are weak. (Str -2) [Xom's mischief]
  2951 | D:5      | Gained mutation: You have razor-sharp toenails. [Xom's
                  | mischief]
  3027 | D:4      | XOM: god gift: +0 kite shield of resistance
  3053 | D:4      | Reached XP level 8. HP: 57/67 MP: 12/12
  3063 | D:4      | XOM: noise
  3102 | D:4      | Found a staircase to the Ecumenical Temple.
  3102 | D:4      | Noticed Eustachio
  3107 | D:4      | XOM: silly message
  3125 | D:4      | Killed Eustachio
  3145 | D:4      | XOM: cast spell 'Summon Small Mammal'
  3154 | D:4      | XOM: potion effect (invisibility)
  3167 | D:4      | XOM: silly message
  3304 | D:4      | XOM: silly message
  3315 | D:4      | Found a sand-covered staircase.
  3325 | Ossuary  | Entered an ossuary
  3328 | Ossuary  | XOM: potion effect (invisibility)
  3540 | D:4      | Found a blossoming altar of Fedhas.
  3541 | D:4      | Identified a scroll of acquirement
  3541 | D:4      | Acquired 625 gold pieces
  3612 | D:4      | XOM: divination: magic mapping
  3662 | D:4      | Found a stormy altar of Qazlal.
  3662 | D:4      | Found an ancient bone altar of Kikubaaqudgha.
  3837 | D:3      | Noticed Grinder
  3852 | D:3      | Killed Grinder
  3994 | D:3      | Noticed Robin
  4001 | D:3      | XOM: divination: detect creatures
  4002 | D:3      | Killed Robin
  4077 | D:3      | XOM: 2-stop teleportation journey
  4191 | D:3      | XOM: summons 4 hostile demons
  4350 | D:3      | XOM: noise
  4730 | D:5      | XOM: swap monsters
  4739 | D:5      | Reached XP level 9. HP: 70/72 MP: 14/14
  4894 | D:5      | Found a broken altar of Ashenzari.
  4938 | D:5      | XOM: noise
  5165 | D:5      | XOM: give mutation
  5165 | D:5      | Gained mutation: You occasionally shout uncontrollably at
                  | your foes. [Xom's mischief]
  5291 | D:5      | XOM: give mutations
  5291 | D:5      | Gained mutation: Your body sometimes deteriorates upon
                  | taking damage. [Xom's mischief]
  5291 | D:5      | Gained mutation: You are weak. (Str -2) [Xom's mischief]
  5291 | D:5      | Gained mutation: You are clumsy. (Dex -2) [Xom's mischief]
  5291 | D:5      | Lost mutation: You have a somewhat thin skeletal structure.
                  | (Dex +2, Stealth+) [Xom's mischief]
  5519 | D:5      | XOM: stat loss: -1 Str (17/18)
  5673 | D:5      | Killed an unseen horror
  5788 | D:5      | XOM: summons 5 hostile demons
  5789 | D:5      | Noticed a hellwing
  5898 | D:5      | XOM: give mutations
  5898 | D:5      | Lost mutation: You have razor-sharp toenails. [Xom's
                  | mischief]
  5898 | D:5      | Lost mutation: You are clumsy. (Dex -2) [Xom's mischief]
  5898 | D:5      | Gained mutation: You are very weak. (Str -4) [Xom's
                  | mischief]
  5898 | D:5      | Lost mutation: You are partially covered in iridescent
                  | scales. (AC +2) [Xom's mischief]
  6718 | D:6      | XOM: draining
  6887 | D:6      | XOM: give mutations
  6887 | D:6      | Gained mutation: You are frail. (-10% HP) [Xom's mischief]
  6887 | D:6      | Lost mutation: Your body sometimes deteriorates upon taking
                  | damage. [Xom's mischief]
  6887 | D:6      | Lost mutation: You have sharp toenails. [Xom's mischief]
  7064 | D:7      | XOM: blink monster(s)
  7216 | D:7      | XOM: give mutations
  7216 | D:7      | Lost mutation: You are very weak. (Str -4) [Xom's mischief]
  7216 | D:7      | Lost mutation: You are weak. (Str -2) [Xom's mischief]
  7558 | D:7      | Reached skill level 5 in Invocations
  7769 | D:7      | HP: 2/66 [gnoll/+0 club (4)]
  7770 | D:7      | Slain by a gnoll

Illustrated notes

Levels and vault maps discovered:
D:1:      psy_arrival_fountain, layout_loops_corners
D:2:      layout_loops_cross, shapermc_ecumenical_altar_flowoftime
D:3:      layout_loops_ring, serial_aquarium, aquarium_bridge_long_separate
          [aquarium_subvault_bridge, aquarium_subvault_wall,
          aquarium_subvault_window, aquarium_subvault_bridge,
          aquarium_subvault_bridge, aquarium_subvault_wall],
          aquarium_window_corridor_1, aquarium_window_1, aquarium_window_2,
          aquarium_view_2e, aquarium_pool_corner, uniq_terence, uniq_robin,
          uniq_grinder
D:4:      layout_rooms, gammafunk_temple_overflow_statue,
          fedhas_altar_fruit_tree, minmay_temple_entry_butterflies,
          nicolae_ossuary_entry_monument, uniq_eustachio
D:5:      layout_layer_cave, ashenzari_altar_1, kennysheep_nub, minmay_holes
D:6:      layout_basic
D:7:      layout_gridville, mainiacjoe_overflow_tiny_flanked, grunt_ministairs_7

Skill      XL: |  1  2  3  4  5  6  7  8  9 |
---------------+----------------------------+-----
Invocations    | 1 2 3 4 5 |  5.0
Short Blades   | 1 2 3 4 |  4.5
Long Blades    | 1 2 3 4 |  4.5
Maces & Flails | 1 2 3 4 |  4.5
Polearms       | 1 2 3 4 |  4.5
Staves         | 1 2 3 4 |  4.5
Slings         | 1 2 3 4 |  4.5
Bows           | 1 2 3 4 |  4.5
Crossbows      | 1 2 3 4 |  4.5
Throwing       | 1 2 3 4 |  4.5
Dodging        | 1 2 3 4 |  4.5
Stealth        | 1 2 3 4 |  4.5
Unarmed Combat | 1 2 3 4 |  4.5
Spellcasting   | 1 2 3 4 |  4.5
Evocations     | 1 2 3 4 |  4.5
Conjurations   | 1 2 3 |  3.7
Hexes          | 1 2 3 |  3.7
Summonings     | 1 2 3 |  3.7
Necromancy     | 1 2 3 |  3.7
Translocations | 1 2 3 |  3.7
Transmutations | 1 2 3 |  3.7
Fire Magic     | 1 2 3 |  3.7
Ice Magic      | 1 2 3 |  3.7
Air Magic      | 1 2 3 |  3.7
Earth Magic    | 1 2 3 |  3.7
Poison Magic   | 1 2 3 |  3.7
Axes           | 5 6 |  6.5
Fighting       | 7 8 |  8.0
Armour         | 7 8 |  8.0
Shields        | 7 8 |  8.0

Action                   |  1- 3 |  4- 6 |  7- 9 || total
-------------------------+-------+-------+-------++-------
Melee: War axe           |    88 |   134 |   242 ||   464
       Bite              |     7 |    12 |    22 ||    41
       Kick              |       |     1 |    56 ||    57
  Use: Scroll            |     3 |     3 |    13 ||    19
       Potion            |       |     1 |     2 ||     3
 Stab: Invisible         |       |     1 |    14 ||    15
       Sleeping          |       |       |     6 ||     6
Armor: Scale mail        |    63 |    58 |   189 ||   310
Dodge: Dodged            |    49 |    50 |   109 ||   208
Block: Buckler           |    33 |    44 |    21 ||    98
       Kite shield       |       |       |   169 ||   169

Table legend: (Time is in decaauts)
 A = Elapsed time spent in this place.
 B = Non-inter-level travel time spent in this place.
 C = Inter-level travel time spent in this place.
 D = Time resting spent in this place.
 E = Time spent auto-exploring this place.
 F = Levels seen in this place.
 G = Mean time per level.
                   A        B        C        D        E       F      G
               +--------+--------+--------+--------+--------+-----+--------+
         Total |   7925 |   7706 |    219 |   1339 |   4537 |   8 |  990.6 |
       Dungeon |   7708 |   7489 |    219 |   1199 |   4537 |   7 | 1101.1 |
       Ossuary |    217 |    217 |      0 |    140 |      0 |   1 |  217.0 |
               +--------+--------+--------+--------+--------+-----+--------+

Top non-repeatable levels by time:
     D:5: 2090 daAuts
     D:6: 1256 daAuts
     D:1: 1249 daAuts
     D:3: 1097 daAuts
     D:7: 726 daAuts
     D:2: 659 daAuts
     D:4: 628 daAuts
 Ossuary: 217 daAuts
